SNL (28 & UNDER)
BEAUMONT ROUGHNECKS @ KEY WEST BARRACUDAS
09/15/2027
 
TOP OF THE 1ST
Beaumont Roughnecks batting - Pitching for Key West Barracudas : LHP Luis Rodríguez
Pitching: LHP Luis Rodríguez
Batting: LHB Guy Moss 0-0: Called Strike
0-1: Foul Ball, location: 2F
0-2: Strikes out swinging
Batting: RHB Jeff Mason 0-0: Called Strike
0-1: Swinging Strike
0-2: Ball
1-2: Strikes out swinging
Batting: LHB Cam Flowers 0-0: Ball
1-0: Fly out, F8 (Flyball, 8LS)
Top of the 1st over - 0 run(s), 0 hit(s), 0 error(s), 0 left on base; Beaumont 0 - Key West 0
BOTTOM OF THE 1ST
Key West Barracudas batting - Pitching for Beaumont Roughnecks : RHP Cliff Long
Pitching: RHP Cliff Long
Batting: RHB Richard Sanders 0-0: Called Strike
0-1: Ball
1-1: Ball
2-1: Foul Ball, location: 2F
2-2: Ball
3-2: Strikes out swinging
Batting: RHB Carlos Bravo 0-0: Called Strike
0-1: Ball
1-1: Ball
2-1: Ball
3-1: Foul Ball, location: 2F
3-2: Base on Balls
Batting: SHB Cory Campbell 0-0: Reached on error, E1 (Groundball, 13)
Carlos Bravo to second
Batting: RHB Jorge Hernández 0-0: Called Strike
0-1: Foul Ball, location: 2F
0-2: Fly out, F3 (Popup, 34)
Batting: LHB Daniel Byrd 0-0: Foul Ball, location: 2F
0-1: Ball
1-1: Ball
2-1: Called Strike
2-2: Strikes out swinging
Bottom of the 1st over - 0 run(s), 0 hit(s), 1 error(s), 2 left on base; Beaumont 0 - Key West 0
TOP OF THE 2ND
Beaumont Roughnecks batting - Pitching for Key West Barracudas : LHP Luis Rodríguez
Batting: RHB Si-xun Li 0-0: Called Strike
0-1: Foul Ball, location: 2F
0-2: SOLO HOME RUN (Line Drive, 8LXD), Distance : 423 ft
Batting: LHB Bernardo Morales 0-0: Ball
1-0: Swinging Strike
1-1: Ball
2-1: Ball
3-1: Ground out 4-3 (Groundball, 4)
Batting: LHB Enrique Cruz 0-0: Ball
1-0: Ball
2-0: Ball
3-0: Called Strike
3-1: Foul Ball, location: 2F
3-2: Base on Balls
Batting: LHB Tony Rivera 0-0: Called Strike
0-1: Foul Ball, location: 2F
0-2: Foul Ball, location: 2F
0-2: Ball
1-2: Strikes out swinging
Batting: RHB Albert Alemán 0-0: Ground out 1-3 (Groundball, 13S)
Top of the 2nd over - 1 run(s), 1 hit(s), 0 error(s), 1 left on base; Beaumont 1 - Key West 0
BOTTOM OF THE 2ND
Key West Barracudas batting - Pitching for Beaumont Roughnecks : RHP Cliff Long
Batting: LHB Víctor Acevedo 0-0: Swinging Strike
0-1: SINGLE (Line Drive, 56)
Batting: RHB Carlos Miranda 0-0: Ball
1-0: Called Strike
1-1: Hit by Pitch
Víctor Acevedo to second
Batting: SHB Héctor Padilla 0-0: Foul Ball, location: 2F
0-1: Called Strike
0-2: Strikes out looking
Batting: LHB Motoki Hirata 0-0: SINGLE (Groundball, 4MD)
Víctor Acevedo to third
Carlos Miranda to second
Runner from 3rd tries for Home, throw and OUT!
Carlos Miranda to third
Motoki Hirata to second
Batting: RHB Richard Sanders 0-0: Ball
1-0: Foul Ball, location: 2F
1-1: Ball
2-1: Foul Ball, location: 2F
2-2: Ground out 4-3 (Groundball, 4)
Bottom of the 2nd over - 0 run(s), 2 hit(s), 0 error(s), 2 left on base; Beaumont 1 - Key West 0
TOP OF THE 3RD
Beaumont Roughnecks batting - Pitching for Key West Barracudas : LHP Luis Rodríguez
Now in RF: Jacob Knapp
Batting: RHB Miguel Costa 0-0: Called Strike
0-1: Ball
1-1: Ball
2-1: Ball
3-1: Base on Balls
Batting: LHB Guy Moss 0-0: Ball
Miguel Costa is caught stealing 2nd base
1-0: Ball
2-0: Fly out, F8 (Flyball, 8LS)
Now in CF: Gary Duffy
Batting: RHB Jeff Mason 0-0: Ball
1-0: Called Strike
1-1: Ground out 5-3 (Groundball, 25)
Top of the 3rd over - 0 run(s), 0 hit(s), 0 error(s), 0 left on base; Beaumont 1 - Key West 0
BOTTOM OF THE 3RD
Key West Barracudas batting - Pitching for Beaumont Roughnecks : RHP Cliff Long
Batting: RHB Carlos Bravo 0-0: Fly out, F6 (Line Drive, 6)
Batting: SHB Cory Campbell 0-0: Ball
1-0: Ground out 5-3 (Groundball, 56S)
Batting: RHB Jorge Hernández 0-0: Called Strike
0-1: Ball
1-1: Ball
2-1: Swinging Strike
2-2: Ball
3-2: Foul Ball, location: 2F
3-2: SINGLE (Groundball, 34D)
Batting: LHB Daniel Byrd 0-0: Called Strike
0-1: Ball
1-1: Foul Ball, location: 2F
1-2: Ball
2-2: Ball
3-2: Strikes out swinging
Bottom of the 3rd over - 0 run(s), 1 hit(s), 0 error(s), 1 left on base; Beaumont 1 - Key West 0
TOP OF THE 4TH
Beaumont Roughnecks batting - Pitching for Key West Barracudas : LHP Luis Rodríguez
Batting: LHB Cam Flowers 0-0: Ball
1-0: Called Strike
1-1: Fly out, F7 (Flyball, 7LS)
Batting: RHB Si-xun Li 0-0: Ball
1-0: Called Strike
1-1: Foul Ball, location: 2F
1-2: Foul Ball, location: 2F
1-2: Foul Ball, location: 2F
1-2: Strikes out swinging
Batting: LHB Bernardo Morales 0-0: Ball
1-0: Ball
2-0: Foul Ball, location: 2F
2-1: Fly out, F6 (Popup, 6MD)
Top of the 4th over - 0 run(s), 0 hit(s), 0 error(s), 0 left on base; Beaumont 1 - Key West 0
BOTTOM OF THE 4TH
Key West Barracudas batting - Pitching for Beaumont Roughnecks : RHP Cliff Long
Batting: SHB Jacob Knapp 0-0: Foul Ball, location: 2F
0-1: Ground out 6-3 (Groundball, 6M)
Batting: RHB Gary Duffy 0-0: Ground out 5-3 (Groundball, 56)
Batting: SHB Héctor Padilla 0-0: Ball
1-0: Ball
2-0: Called Strike
2-1: Swinging Strike
2-2: Ball
3-2: Strikes out swinging
Bottom of the 4th over - 0 run(s), 0 hit(s), 0 error(s), 0 left on base; Beaumont 1 - Key West 0
TOP OF THE 5TH
Beaumont Roughnecks batting - Pitching for Key West Barracudas : LHP Luis Rodríguez
Batting: LHB Enrique Cruz 0-0: Called Strike
0-1: Ball
1-1: Foul Ball, location: 2F
1-2: Ball
2-2: Reached on error, E3 (Groundball, 34)
Batting: LHB Tony Rivera 0-0: Ball
Wild Pitch!
Enrique Cruz to second
1-0: Foul Ball, location: 2F
1-1: Ball
2-1: Ball
3-1: Base on Balls
Batting: RHB Albert Alemán 0-0: Called Strike
0-1: Ball
1-1: Ball
2-1: Ball
3-1: Foul Ball, location: 2F
3-2: Base on Balls
Enrique Cruz to third
Tony Rivera to second
Batting: RHB Miguel Costa 0-0: Called Strike
0-1: Ball
1-1: Ball
2-1: Ball
3-1: Called Strike
3-2: Fielders Choice at 2nd, 6-4 (Groundball, 6)
Enrique Cruz scores
Tony Rivera to third
Batting: LHB Guy Moss 0-0: Grounds into double play, 4-6-3 (Groundball, 4)
Top of the 5th over - 1 run(s), 0 hit(s), 1 error(s), 1 left on base; Beaumont 2 - Key West 0
BOTTOM OF THE 5TH
Key West Barracudas batting - Pitching for Beaumont Roughnecks : RHP Cliff Long
Batting: LHB Motoki Hirata 0-0: Ball
1-0: DOUBLE (Flyball, 89XD)
Batting: RHB Richard Sanders 0-0: Foul Ball, location: 2F
0-1: Called Strike
0-2: Strikes out looking
Batting: RHB Carlos Bravo 0-0: Called Strike
0-1: Foul Ball, location: 2F
0-2: Ball
1-2: Strikes out looking
Batting: SHB Cory Campbell 0-0: Called Strike
0-1: Ball
1-1: Foul Ball, location: 2F
1-2: Ball
2-2: Ball
3-2: Foul Ball, location: 2F
3-2: Foul Ball, location: 2F
3-2: Fly out, F7 (Flyball, 78M)
Bottom of the 5th over - 0 run(s), 1 hit(s), 0 error(s), 1 left on base; Beaumont 2 - Key West 0
TOP OF THE 6TH
Beaumont Roughnecks batting - Pitching for Key West Barracudas : LHP Luis Rodríguez
Batting: RHB Jeff Mason 0-0: Called Strike
0-1: Swinging Strike
0-2: Ball
1-2: Ball
2-2: Ball
3-2: Ground out 6-3 (Groundball, 6)
Batting: LHB Cam Flowers 0-0: Swinging Strike
0-1: Foul Ball, location: 2F
0-2: Foul Ball, location: 2F
0-2: Ball
1-2: Fly out, F9 (Flyball, 9)
Batting: RHB Si-xun Li 0-0: Ball
1-0: Ball
2-0: SINGLE (Line Drive, 8LS)
Pitching: RHP Gerald Núñez
Batting: LHB Bernardo Morales 0-0: Ball
1-0: Ball
Si-xun Li is caught stealing 2nd base
Top of the 6th over - 0 run(s), 1 hit(s), 0 error(s), 0 left on base; Beaumont 2 - Key West 0
BOTTOM OF THE 6TH
Key West Barracudas batting - Pitching for Beaumont Roughnecks : RHP Cliff Long
Batting: RHB Jorge Hernández 0-0: Ball
1-0: Foul Ball, location: 2F
1-1: SINGLE (Line Drive, 78S)
Batting: LHB Daniel Byrd 0-0: Ball
1-0: Foul Ball, location: 2F
1-1: Ball
2-1: Ball
3-1: Fly out, F2 (Popup, 23)
Batting: SHB Jacob Knapp 0-0: Foul Ball, location: 2F
0-1: Ball
1-1: Foul Ball, location: 2F
1-2: Ball
2-2: Ball
3-2: Base on Balls
Jorge Hernández to second
Pitching: RHP Jeff Thompson
Batting: RHB Gary Duffy 0-0: Ball
1-0: Called Strike
1-1: Called Strike
1-2: Ball
2-2: Ball
3-2: Strikes out swinging
Batting: SHB Héctor Padilla 0-0: Ball
1-0: SINGLE (Groundball, 3S) (infield hit)
Jorge Hernández to third
Jacob Knapp to second
Batting: LHB Motoki Hirata 0-0: Called Strike
0-1: Foul Ball, location: 2F
0-2: Ball
1-2: Ball
2-2: Strikes out swinging
Bottom of the 6th over - 0 run(s), 2 hit(s), 0 error(s), 3 left on base; Beaumont 2 - Key West 0
TOP OF THE 7TH
Beaumont Roughnecks batting - Pitching for Key West Barracudas : RHP Gerald Núñez
Batting: LHB Bernardo Morales 0-0: Called Strike
0-1: Ball
1-1: Fly out, F4 (Popup, 4S)
Batting: LHB Enrique Cruz 0-0: Ball
1-0: SINGLE (Groundball, 4MD)
Batting: LHB Tony Rivera 0-0: Called Strike
0-1: Ball
1-1: Foul Ball, location: 2F
1-2: Grounds into double play, 3-6-1 (Groundball, 3)
Top of the 7th over - 0 run(s), 1 hit(s), 0 error(s), 0 left on base; Beaumont 2 - Key West 0
BOTTOM OF THE 7TH
Key West Barracudas batting - Pitching for Beaumont Roughnecks : RHP Jeff Thompson
Batting: RHB Richard Sanders 0-0: Foul Ball, location: 2F
0-1: Ball
1-1: Foul Ball, location: 2F
1-2: Foul Ball, location: 2F
1-2: Ball
2-2: Ball
3-2: Base on Balls
Batting: RHB Carlos Bravo 0-0: Ball
1-0: Called Strike
1-1: Foul Ball, location: 2F
1-2: Fly out, F5 (Line Drive, 56)
Batting: SHB Cory Campbell 0-0: Foul Ball, location: 2F
0-1: Ball
1-1: Called Strike
1-2: Ball
2-2: Foul Ball, location: 2F
2-2: Ball
3-2: Fly out, F5 (Popup, 5L)
Batting: RHB Jorge Hernández 0-0: Fly out, F9 (Flyball, 89M)
Bottom of the 7th over - 0 run(s), 0 hit(s), 0 error(s), 1 left on base; Beaumont 2 - Key West 0
TOP OF THE 8TH
Beaumont Roughnecks batting - Pitching for Key West Barracudas : RHP Gerald Núñez
Batting: RHB Albert Alemán 0-0: Called Strike
0-1: Foul Ball, location: 2F
0-2: SINGLE (Line Drive, 6MD)
Batting: RHB Miguel Costa 0-0: Swinging Strike
0-1: Foul Ball, location: 2F
0-2: Strikes out swinging
Batting: LHB Guy Moss 0-0: Foul Ball, location: 2F
0-1: Foul Ball, location: 2F
0-2: SINGLE (Groundball, 6D)
Albert Alemán to second
Batting: RHB Jeff Mason 0-0: SINGLE (Groundball, 4D)
Albert Alemán to third
Guy Moss to second
Batting: LHB Cam Flowers 0-0: Ball
1-0: Called Strike
1-1: Swinging Strike
1-2: Ball
2-2: DOUBLE (Line Drive, 9LM)
Albert Alemán scores
Guy Moss scores
Jeff Mason to third
Pitching: RHP Dennis Grange
Batting: RHB Si-xun Li 0-0: Ball
1-0: Ground out 6-3 (Groundball, 6)
Jeff Mason scores
Batting: LHB Bernardo Morales 0-0: Called Strike
0-1: Foul Ball, location: 2F
0-2: Ball
1-2: Foul Ball, location: 2F
1-2: Ball
2-2: Fly out, F7 (Flyball, 7LS)
Top of the 8th over - 3 run(s), 4 hit(s), 0 error(s), 1 left on base; Beaumont 5 - Key West 0
BOTTOM OF THE 8TH
Key West Barracudas batting - Pitching for Beaumont Roughnecks : RHP Jeff Thompson
Batting: LHB Daniel Byrd 0-0: Ball
1-0: Ball
2-0: Ground out 1-3 (Groundball, P)
Batting: SHB Jacob Knapp 0-0: Ball
1-0: Ball
2-0: Swinging Strike
2-1: Foul Ball, location: 2F
2-2: Strikes out swinging
Batting: RHB Gary Duffy 0-0: Called Strike
0-1: Ball
1-1: Foul Ball, location: 2F
1-2: SOLO HOME RUN (Flyball, 7LD), Distance : 351 ft
Pitching: LHP Artie Nelson
Batting: SHB Héctor Padilla 0-0: Fly out, F6 (Line Drive, 6)
Bottom of the 8th over - 1 run(s), 1 hit(s), 0 error(s), 0 left on base; Beaumont 5 - Key West 1
TOP OF THE 9TH
Beaumont Roughnecks batting - Pitching for Key West Barracudas : RHP Dennis Grange
Batting: LHB Enrique Cruz 0-0: Called Strike
0-1: Ball
1-1: Foul Ball, location: 2F
1-2: Ball
2-2: Strikes out looking
Batting: LHB Tony Rivera 0-0: Fly out, F6 (Popup, 6)
Batting: RHB Albert Alemán 0-0: Called Strike
0-1: Ground out 6-3 (Groundball, 6)
Top of the 9th over - 0 run(s), 0 hit(s), 0 error(s), 0 left on base; Beaumont 5 - Key West 1
BOTTOM OF THE 9TH
Key West Barracudas batting - Pitching for Beaumont Roughnecks : LHP Artie Nelson
Batting: LHB Motoki Hirata 0-0: Called Strike
0-1: Ball
1-1: Ball
2-1: Ball
3-1: Called Strike
3-2: Strikes out swinging
Batting: RHB Richard Sanders 0-0: Called Strike
0-1: Ground out 5-3 (Groundball, 25)
Batting: RHB Carlos Bravo 0-0: SINGLE (Line Drive, 6MD)
Batting: SHB Cory Campbell 0-0: Called Strike
0-1: Fielders Choice at 2nd, 4-6 (Groundball, 4)
Bottom of the 9th over - 0 run(s), 1 hit(s), 0 error(s), 0 left on base; Beaumont 5 - Key West 1
Thursday, March 30th, 2017 - OOTP Baseball 17.12 Build 75